 Dungeon Crawl Stone Soup version 0.31-a0-1027-gfb7600b534 (webtiles) character file.

Game seed: 227730931034511943

33 Jinxxian the Chiller (level 3, -1/25 HPs)
             Began as a Merfolk Ice Elementalist on Nov 18, 2023.
             Slain by a quokka (3 damage)
             ... on level 2 of the Dungeon on Dec 7, 2023.
             The game lasted 00:10:49 (1178 turns).

Jinxxian the Chiller (Merfolk Ice Elementalist)     Turns: 1178, Time: 00:10:50

Health: -1/25      AC:  2    Str:  8    XL:     3   Next: 29%
Magic:  6/6        EV: 13    Int: 16    God:
Gold:   76         SH:  0    Dex: 14    Spells: 2/6 levels left

rFire   . . .        d - +0 spear
rCold   . . .        (no shield)
rNeg    . . .        a - +0 robe
rPois   .            (no helmet)
rElec   .            (no cloak)
rCorr   .            (no gloves)
SInv    .            (no boots)
Will    .....        (no amulet)
Stlth   ++           (no ring)
HPRegen 0.24/turn    (no ring)
MPRegen 0.10/turn

%: no passive effects
@: no status effects
A: (nimble swimmer 2), mertail
a: no special abilities


You were on level 2 of the Dungeon.
You visited 1 branch of the dungeon, and saw 2 of its levels.

You collected 76 gold pieces.

Inventory:

Hand Weapons
 d - a +0 spear (weapon)
 e - a +0 whip of electrocution
 g - a +0 short sword
Missiles
 i - 6 poisoned darts
 l - 5 stones
Armour
 a - a +0 robe (worn)
 j - a +0 leather armour
Talismans
 f - a beast talisman
Scrolls
 k - a scroll of immolation {unknown}
Potions
 b - a potion of magic
 c - a potion of attraction {unknown}
 h - 2 potions of curing {unknown}


   Skills:
 + Level 0.9 Fighting
 - Level 0.3 Short Blades
 + Level 0.0 Polearms
 + Level 0.2 Throwing
 - Level 0.1 Armour
 + Level 3.1 Dodging
 + Level 2.4 Stealth
 * Level 2.4 Spellcasting
 * Level 4.6 Ice Magic


You had 2 spell levels left.
You knew the following spells:

 Your Spells              Type           Power      Damage    Failure   Level
a - Freeze                Ice            64%        1d7       3%          1
b - Frozen Ramparts       Ice            32%        1d5       9%          3

Your spell library contained the following spells:

 Spells                   Type           Power      Damage    Failure   Level
 Ozocubu's Armour         Ice            16%        N/A       9%          3
 Summon Ice Beast         Ice/Summ       9%         N/A       58%         4


Dungeon Overview and Level Annotations

Branches:
Dungeon (2/15)

Altars:


Innate Abilities, Weirdness & Mutations

((You are very nimble when in or above water. (Stealth+, EV+, Speed+++)))
Your lower body shifts to a powerful aquatic tail in water.


Message History

There are monsters nearby!
There are monsters nearby!
There are monsters nearby!
There are monsters nearby!
There are monsters nearby!
There are monsters nearby!
There are monsters nearby!
There are monsters nearby!
There are monsters nearby!
There are monsters nearby!
There are monsters nearby!
There are monsters nearby!
There are monsters nearby!
There are monsters nearby!
The quokka bites you but does no damage.
The bat misses you. The quokka bites you. The bat hits you but does no damage.
The quokka closely misses you. The bat hits you but does no damage.
The bat closely misses you. The quokka barely misses you. The quokka bites you.
The bat misses you. The quokka misses you. The bat hits you but does no damage.
The quokka bites you. The quokka closely misses you.
The bat closely misses you. The quokka bites you. The quokka bites you.
The bat hits you but does no damage. The quokka bites you.
* * * LOW HITPOINT WARNING * * *
The bat hits you.
* * * LOW HITPOINT WARNING * * *
The quokka closely misses you.
The bat barely misses you. x2; The quokka barely misses you.
The quokka bites you.
* * * LOW HITPOINT WARNING * * *
The bat hits you.
* * * LOW HITPOINT WARNING * * *
The quokka bites you but does no damage.
The bat closely misses you. The quokka closely misses you.
The quokka closely misses you. The bat misses you. The quokka bites you.
You die...

.# ###.### ......
#.... # #...# #.
#... #
###.####.r##.#.#.
.......b.@.......
#.......####... #
####.....# #.##
#.##..# #.
#...##.##..# #.#.#
#...###### #.#.#
###.....#
#.#.#######...⌠.###
##..................


You could see a quokka and a bat.

Vanquished Creatures
  An adder (D:2)
  A dart slug (D:1)
  3 ball pythons (D:1)
  4 endoplasms
  A giant cockroach (D:1)
  2 hobgoblins (D:2)
  4 kobolds
  A bat (D:1)
  2 goblins (D:1)
  3 rats (D:1)
22 creatures vanquished.

Notes
Turn   | Place    | Note
-------+----------+-------------------------------------------
     0 | D:1      | Jinxxian the Merfolk Ice Elementalist began the quest for
                  | the Orb.
     0 | D:1      | Reached XP level 1. HP: 13/13 MP: 3/3
   196 | D:1      | Reached XP level 2. HP: 19/19 MP: 3/5
  1011 | D:2      | Reached XP level 3. HP: 23/25 MP: 1/6
  1061 | D:2      | Learned a level 3 spell: Frozen Ramparts
  1178 | D:2      | Slain by a quokka

Illustrated notes

Levels and vault maps discovered:
D:1:      heliophobic_arrival_enchanted_forest, layout_basic
D:2:      layout_basic, basic_altar, minivault_11,
          nicolae_elevator_lobby_asterisk

Skill      XL: |  1  2 |
---------------+-------+-----
Dodging        | 3 |  3.1
Fighting       | |  0.9
Short Blades   | |  0.3
Throwing       | |  0.2
Armour         | |  0.1
Stealth        | |  2.4
Spellcasting   | |  2.4
Ice Magic      | |  4.6

Action                     || total
---------------------------++-------
  Melee: Whip              ||     4
  Throw: Stone             ||     7
   Cast: Freeze            ||    29
 Armour: Robe              ||    24
  Dodge: Dodged            ||    25

Table legend: (Time is in decaauts)
 A = Elapsed time spent in this place.
 B = Non-inter-level travel time spent in this place.
 C = Inter-level travel time spent in this place.
 D = Time resting spent in this place.
 E = Time spent auto-exploring this place.
 F = Levels seen in this place.
 G = Mean time per level.
                   A        B        C        D        E       F      G
               +--------+--------+--------+--------+--------+-----+--------+
         Total |   1176 |   1162 |     14 |    246 |    654 |   2 |  588.0 |
       Dungeon |   1176 |   1162 |     14 |    246 |    654 |   2 |  588.0 |
               +--------+--------+--------+--------+--------+-----+--------+

Top non-repeatable levels by time:
     D:1: 937 daAuts
     D:2: 239 daAuts
